 Dungeon Crawl Stone Soup version 0.17-a0-1882-g750edc8 (webtiles) character file.

162 barthelm the Skirmisher (level 5, -6/34 HPs)
             Began as a Gargoyle Berserker on Sept 22, 2015.
             Was a Priest of Trog.
             Killed by divine providence
             ... invoked by an orc priest
              (10 damage)
             ... on level 3 of the Dungeon.
             The game lasted 00:07:03 (2322 turns).

barthelm the Skirmisher (Gargoyle Berserker)        Turns: 2322, Time: 00:07:03

Health: -6/34      AC: 13    Str: 21    XL:     5   Next: 43%
Magic:  5/5        EV:  8    Int:  8    God:    Trog [***...]
Gold:   236        SH:  0    Dex:  9    Spells: 0 memorised, 4 levels left

rFire  . . .     SeeInvis .     a - +1 mace
rCold  . . .     Clarity  .     j - +1 chain mail
rNeg   + . .     SustAt   .     (no shield)
rPois  ∞         Gourm    .     (no helmet)
rElec  +         Spirit   .     (no cloak)
rCorr  .         Warding  .     (no gloves)
rMut   .         Stasis   .     (no boots)
MR     ++...                    (no amulet)
Stlth  ..........               (no ring)
                                (no ring)

@: exhausted, regenerating, slowed, very slow, very resistant to hostile
enchantments, extremely unstealthy
A: negative energy resistance 1, electricity resistance, unbreathing,
petrification resistance, rot immunity, AC +4
a: Burn Spellbooks, Berserk, Trog's Hand, Renounce Religion


You were on level 3 of the Dungeon.
You worshipped Trog.
Trog was most pleased with you.
You were very hungry.

You visited 1 branch of the dungeon, and saw 3 of its levels.

You collected 236 gold pieces.

Inventory:

Hand weapons
 a - a +1 mace (weapon)
Missiles
 g - 4 tomahawks
 h - 71 stones (quivered)
Armour
 b - a +0 animal skin
 j - a +1 chain mail (worn)
Jewellery
 k - a cursed amulet of the gourmand {unknown}
Scrolls
 f - a scroll of recharging
 i - a scroll of teleportation
 l - a scroll of blinking
Potions
 d - a potion of cancellation {unknown}
 e - 2 potions of heal wounds {unknown}
 n - a potion of degeneration {unknown}
Comestibles
 c - 2 bread rations
 m - 5 chunks of flesh


   Skills:
 + Level 4.6 Fighting
 + Level 3.9 Maces & Flails
 + Level 2.5 Armour
 + Level 2.9 Dodging


You had 4 spell levels left.
You didn't know any spells.

Dungeon Overview and Level Annotations

Branches:
Dungeon (3/15)

Altars:
Okawaru


Innate Abilities, Weirdness & Mutations

You are resistant to torment.
Your stone body is resilient (AC +4).
You are immune to poison.
You resist negative energy.
You are resistant to electric shocks.
You can survive without breathing.
You are immune to petrification.
You are immune to rotting.


Message History

The orc hits you with a trident.
You sock the orc!
The orc is almost dead.
The orc priest calls upon Beogh to heal the orc.
The orc is healed somewhat.
The orc barely misses you. The orc hits you with a trident.
You closely miss the orc.
The orc is moderately wounded.
The orc hits you but does no damage.
The orc priest casts a cantrip, but nothing happens.
The orc priest invokes the aid of Beogh against you.
Something smites you!
* * * LOW HITPOINT WARNING * * *
The orc barely misses you.
You sock the orc!
You kill the orc!
Trog accepts your kill.
The orc priest calls down the wrath of Beogh upon you.
Something smites you!
You die...

#.....# #o# ...####.###
#.....###.# ##.. #.###
#.....##..# #.. #...# ###.†..#.##
###.. ###.. ####.#.#
#.....#######. ##########...##
#.# #..##..##. ........###...##
#.# ##<<....#.
......<.####..o#####.###..))÷)...
........†....so)@................
........###.#####......#.........
###########.##†.......#####....##
#............#.###[.#####..(###
#......)...............)....#
#...##....##...####.####...†###
######.).###.### #..#####)....
#...#...# ##...# ##.### #...#.###
###.####.###


You could see a scorpion and 2 orc priests.

Vanquished Creatures
  Ijyb (D:2)
  6 adders
  A worm (D:2)
  11 orcs (D:3)
  3 giant cockroaches
  12 hobgoblins
  8 bats
  3 giant geckos
  3 giant newts
  8 goblins
  3 kobolds
  8 rats
67 creatures vanquished.

Notes
Turn   | Place    | Note
--------------------------------------------------------------
     0 | D:1      | barthelm the Gargoyle Berserker began the quest for the Orb.
     0 | D:1      | Reached XP level 1. HP: 14/14 MP: 1/1
   330 | D:1      | Reached XP level 2. HP: 17/19 MP: 2/2
   963 | D:2      | Acquired Trog's second power
   963 | D:2      | Reached XP level 3. HP: 22/24 MP: 3/3
   988 | D:2      | Noticed Ijyb
  1004 | D:2      | Killed Ijyb
  1004 | D:2      | Reached skill level 4 in Fighting
  1217 | D:2      | Reached XP level 4. HP: 26/29 MP: 4/4
  2099 | D:3      | Found an iron altar of Okawaru.
  2112 | D:3      | Reached XP level 5. HP: 30/34 MP: 5/5
  2322 | D:3      | Killed from afar by an orc priest

Vault maps used:
D:1:      mrwooster_arrival_arrow
D:2:      first_bread, uniq_iyjb
D:3:      okawaru_gym_becter

Action                   |  1- 3 |  4- 6 || total
-------------------------+-------+-------++-------
Melee: Mace              |    93 |   134 ||   227
Throw: Stone             |       |     1 ||     1
Invok: Berserk           |       |     2 ||     2
       Burn Spellbooks   |       |     1 ||     1
       Trog's Hand       |       |     1 ||     1
  Use: Scroll            |       |     7 ||     7
  Eat: Chunk             |     1 |     5 ||     6
